Map: Eternal Empire LE

Players

LiquidMaNa (MaNa)

  • Race: Protoss Protoss
  • League: Grandmaster
  • Spawn Location: 7:00

MarineLorD - Winner!

  • Race: Terran Terran
  • League: Master
  • Spawn Location: 1:00

Event: DreamHack SC2 Masters 2020 Fall

VOD

Have the link to the VOD?

Description

Time

  • Played on: Sept. 10, 2020, 11:49 a.m.
  • Length: 11:25

All games in this series

Show
View Real Time Build Order
Export as new Build Order

LiquidMaNa Protoss 

Build Orders: 1 Gate Expand, Oracle Opening, Phoenix Opening, Colossus Rush 

Get SALT Encoding   

  12  0:00  Probe  
  13  0:12  Probe  
  14  0:17  Pylon  
  14  0:24  Probe (Chrono Boost)  
  15  0:36  Probe (Chrono Boost)  
  15  0:37  Gateway  
  16  0:44  Probe (Chrono Boost)  
  16  0:47  Assimilator  
  17  0:51  Probe  
  18  1:03  Probe  
  19  1:15  Probe  
  20  1:25  Nexus  
  20  1:33  Cybernetics Core  
  20  1:37  Probe  
  21  1:44  Assimilator  
  21  1:49  Probe  
  21  1:54  Pylon  
  22  2:01  Probe  
  23  2:09  Adept (Chrono Boost)  
  23  2:13  Probe  
  25  2:18  Stargate  
  25  2:25  Probe  
  25  2:26  Warp Gate  
  25  2:29  Adept (Chrono Boost)  
  28  2:37  Probe  
  28  2:38  Probe  
  30  2:49  Probe  
  30  2:50  Probe  
  32  2:54  Stalker  
  34  3:01  Probe  
  34  3:02  Probe  
  36  3:06  Oracle (Chrono Boost)  
  38  3:13  Probe  
  38  3:14  Probe  
  40  3:25  Probe  
  40  3:26  Probe  
  42  3:30  Gateway  
  42  3:36  Phoenix (Chrono Boost)  
  42  3:37  Probe  
  42  3:38  Probe  
  44  3:50  Probe x2  
  44  3:52  Robotics Facility  
  46  3:56  Pylon  
  46  3:58  Pylon  
  46  4:14  Phoenix, Probe x2  
  46  4:16  Stalker  
  52  4:25  Pylon  
  52  4:26  Probe x2  
  54  4:33  Nexus  
  54  4:38  Assimilator, Probe x2  
  56  4:50  Probe x2  
  58  4:53  Robotics Bay  
  58  4:54  Forge, Observer (Chrono Boost)  
  59  5:02  Probe x2  
  61  5:11  Pylon  
  61  5:12  Immortal (Chrono Boost)  
  61  5:13  Assimilator  
  61  5:14  Probe x2  
  67  5:21  Pylon  
  67  5:26  Probe x2  
  67  5:28  Protoss Ground Weapons Level 1  
  69  5:39  Probe x2 (Chrono Boost)  
  69  5:40  Assimilator  
  69  5:41  Observer  
  71  5:42  Colossus (Chrono Boost)  
  71  5:43  Shield Battery  
  71  5:47  Probe (Chrono Boost)  
  78  5:51  Probe x2 (Chrono Boost)  
  78  5:52  Observer  
  78  5:55  Phoenix  
  83  5:57  Probe (Chrono Boost)  
  83  5:58  Probe x2 (Chrono Boost)  
  83  6:01  Pylon  
  83  6:02  Probe (Chrono Boost)  
  86  6:05  Observer, Probe x2  
  86  6:06  Zealot x2  
  86  6:10  Extended Thermal Lance  
  92  6:13  Probe  
  92  6:17  Assimilator, Probe x2  
  95  6:21  Phoenix  
  97  6:26  Probe (Chrono Boost)  
  97  6:28  Colossus (Chrono Boost)  
  97  6:30  Pylon  
  104  6:33  Probe x2 (Chrono Boost)  
  106  6:40  Sentry  
  106  6:44  Pylon  
  108  6:48  Phoenix (Chrono Boost), Probe x3 (Chrono Boost)  
  113  6:59  Probe x2  
  115  7:02  Pylon  
  115  7:04  Gateway  
  115  7:05  Gateway  
  115  7:06  Phoenix (Chrono Boost)  
  117  7:10  Probe  
  117  7:11  Nexus, Probe  
  119  7:17  Colossus  
  119  7:21  Robotics Facility  
  123  7:33  Probe x3  
  123  7:35  Zealot x2  
  130  7:40  Protoss Ground Armor Level 1  
  130  7:41  Pylon  
  130  7:45  Pylon x2  
  130  7:47  Pylon  
  130  7:48  Pylon  
  130  7:52  Protoss Air Weapons Level 1 (Chrono Boost)  
  130  7:54  Shield Battery x2  
  130  7:55  Phoenix  
  132  8:02  Stargate  
  132  8:04  Sentry x3  
  132  8:05  Zealot  
  140  8:07  Probe x2  
  140  8:11  Immortal  
  140  8:20  Phoenix  
  142  8:32  Probe  
  141  8:36  Probe  
  141  8:40  Stalker x4  
  148  8:44  Fleet Beacon  
  148  8:45  Phoenix  
  148  8:47  Assimilator  
  150  8:50  Photon Cannon  
  150  8:51  Assimilator, Pylon  
  150  8:53  Disruptor  
  153  8:57  Phoenix x2, Photon Cannon  
  153  8:59  Photon Cannon  
  153  9:00  Shield Battery  
  153  9:04  Disruptor  
  156  9:13  Twilight Council  
  156  9:15  Oracle (Chrono Boost)  
  159  9:17  Pylon  
  159  9:18  Pylon  
  159  9:27  Zealot x4  
  159  9:28  Disruptor  
  168  9:46  Carrier (Chrono Boost)  
  168  9:50  Anion Pulse-Crystals, Carrier (Chrono Boost)  
  178  9:54  Zealot x4  
  183  10:16  Zealot x4  
  183  10:19  Probe x2  
  133  10:29  Zealot x4  
  133  10:33  Disruptor (Chrono Boost)  
  119  10:44  Pylon  
  119  10:49  Stalker x4  
  119  11:06  Photon Cannon  
  119  11:07  Shield Battery  
  119  11:14  Sentry x3  
  119  11:20  Zealot, Nexus  
Show
View Real Time Build Order
Export as new Build Order

MarineLorD Terran - Winner!

Build Orders: Reaper Expand 

Get SALT Encoding   

  12  0:00  SCV  
  13  0:12  SCV  
  14  0:17  Supply Depot  
  14  0:24  SCV  
  15  0:38  SCV  
  15  0:39  Barracks  
  16  0:43  Refinery  
  16  0:50  SCV  
  17  1:02  SCV  
  18  1:15  SCV  
  19  1:26  Reaper  
  19  1:27  Orbital Command  
  20  1:47  Command Center  
  20  1:52  SCV  
  21  1:56  Supply Depot  
  21  1:59  Marine  
  22  2:04  SCV  
  23  2:20  Barracks Reactor  
  23  2:21  Factory  
  23  2:23  SCV  
  23  2:25  Refinery  
  24  2:31  Bunker  
  24  2:35  SCV  
  25  2:47  SCV  
  26  2:56  Marine x2  
  28  2:59  SCV  
  28  3:05  Orbital Command  
  29  3:06  Widow Mine  
  29  3:11  SCV  
  32  3:14  Marine x2  
  33  3:23  SCV  
  34  3:28  Widow Mine  
  34  3:32  SCV  
  34  3:33  Marine x2  
  39  3:39  SCV  
  39  3:40  Supply Depot  
  40  3:44  SCV  
  41  3:49  Command Center, Factory Tech Lab  
  41  3:51  SCV  
  41  3:55  Supply Depot, Marine  
  43  3:56  SCV  
  43  3:57  Marine  
  45  4:03  SCV  
  45  4:07  Cyclone  
  45  4:08  SCV  
  50  4:14  Marine  
  50  4:15  SCV, Marine  
  53  4:17  Supply Depot  
  53  4:20  SCV  
  54  4:25  Barracks  
  54  4:28  SCV  
  54  4:29  Barracks  
  55  4:32  SCV  
  55  4:34  Marine x2  
  58  4:40  SCV, Supply Depot  
  58  4:44  SCV  
  60  4:46  Factory Tech Lab  
  60  4:52  Engineering Bay, SCV, Marine x2  
  63  4:55  Engineering Bay  
  63  4:57  SCV  
  64  5:00  Orbital Command  
  64  5:04  SCV  
  64  5:09  SCV  
  64  5:10  Marine  
  64  5:11  Marine  
  67  5:17  SCV  
  67  5:20  Terran Infantry Armor Level 1, Terran Infantry Weapons Level 1  
  67  5:21  Refinery, SCV  
  69  5:22  Refinery, Stimpack, Marauder  
  69  5:24  Combat Shield  
  69  5:26  SCV  
  72  5:29  Marauder  
  72  5:30  Marine  
  72  5:31  Marine  
  72  5:33  Factory Reactor  
  76  5:37  Starport  
  76  5:39  SCV x2  
  76  5:41  SCV  
  79  5:44  Missile Turret  
  79  5:46  Marauder  
  79  5:49  Marine x2  
  83  5:50  Orbital Command  
  83  5:51  SCV x2  
  85  6:04  Marauder  
  87  6:06  Marine  
  87  6:07  Supply Depot, Marine  
  87  6:08  Marauder, SCV, Supply Depot  
  87  6:09  SCV, Supply Depot  
  93  6:29  Marauder, SCV x3, Marine x2  
  93  6:30  Factory Tech Lab  
  93  6:31  Marauder  
  102  6:36  Barracks x2  
  102  6:37  Armory  
  102  6:41  SCV x3  
  102  6:43  Medivac x2, Concussive Shells  
  109  6:48  Siege Tank  
  109  6:50  Marauder  
  109  6:51  Refinery x2  
  109  6:53  Supply Depot  
  114  6:59  Supply Depot  
  114  7:00  SCV x2  
  116  7:01  Supply Depot  
  116  7:02  Supply Depot  
  116  7:05  Marine  
  117  7:12  Supply Depot  
  117  7:13  Supply Depot  
  117  7:15  Marauder, SCV x2, Marine  
  122  7:20  Marauder  
  122  7:21  SCV  
  125  7:25  Barracks Tech Lab  
  125  7:26  Missile Turret, Marine  
  125  7:27  SCV, Barracks Reactor  
  125  7:28  SCV  
  127  7:33  Terran Infantry Weapons Level 2, Terran Infantry Armor Level 2, SCV  
  127  7:34  Terran Vehicle Weapons Level 1  
  125  7:38  Siege Tank  
  125  7:43  Marauder x2, Marine  
  133  7:51  Medivac  
  135  7:54  Medivac, Command Center  
  135  7:56  SCV  
  135  7:57  SCV x2  
  140  8:02  Marine x2  
  140  8:03  Marauder, Marine x2  
  146  8:09  Marauder x2, SCV x2  
  152  8:16  Siege Tank  
  155  8:21  Marine x2  
  155  8:22  Supply Depot, Marine  
  155  8:23  Supply Depot  
  155  8:25  Ghost Academy, Supply Depot  
  155  8:26  Medivac  
  160  8:30  Medivac  
  160  8:34  Marine  
  160  8:39  Marine  
  165  8:44  Marine x2  
  165  8:47  Supply Depot  
  165  8:48  Siege Tank, Supply Depot  
  167  8:53  Ghost x3  
  172  8:57  SCV x3  
  175  9:06  Marine x3  
  175  9:07  Missile Turret, Enhanced Shockwaves  
  178  9:14  SCV x2  
  178  9:15  SCV  
  181  9:20  Unknown  
  181  9:22  Sensor Tower, Missile Turret  
  181  9:29  Marauder x3, Marine x4  
  181  9:31  Planetary Fortress, Siege Tank  
  190  9:47  Marine x2  
  190  9:50  Medivac x2  
  190  9:51  Marauder  
  197  9:55  Command Center, Marauder, Marine  
  185  10:15  Marauder  
  185  10:17  Marine x2  
  185  10:18  Marauder  
  181  10:26  Marauder  
  181  10:28  Marine  
  169  10:29  Marine  
  169  10:30  Medivac x2, Siege Tank  
  169  10:35  Marine x2  
  177  10:36  Marauder  
  177  10:39  Marauder  
  177  10:42  Command Center  
  183  10:44  Command Center  
  183  10:46  Marine  
  183  10:47  Marine x2  
  195  11:14  Barracks  
  195  11:15  Barracks  
  195  11:16  Barracks  

Tags
 
Add a new tag
Caveats
  • Supply blocks, unpowered buildings, or Contaminate may cause inaccurate times.
  • Supply counts are checked every 10 seconds.